Map: Shrines of Lizul

Players

OpuS

  • Race: Protoss Protoss
  • League: Platinum
  • Spawn Location: 12:00

Sketchaphone

  • Race: Zerg Zerg
  • League: Platinum
  • Spawn Location: 3:00

ChapoSalinas

  • Race: Zerg Zerg
  • League: Platinum
  • Spawn Location: 9:00

NotMaru

  • Race: Terran Terran
  • League: Platinum
  • Spawn Location: 6:00

VOD

Have the link to the VOD?

Description

Time

  • Played on: Feb. 23, 2019, 9:26 p.m.
  • Length: 14:47
Show
View Real Time Build Order
Export as new Build Order

OpuS Protoss 

Build Orders:  

Get SALT Encoding   

  12  0:00  Probe  
  13  0:13  Probe  
  14  0:21  Pylon  
  14  0:25  Probe  
  15  0:39  Probe  
  15  0:42  Gateway  
  16  0:49  Probe  
  16  0:52  Assimilator  
  16  0:55  Assimilator  
  17  0:57  Probe  
  18  1:13  Gateway  
  18  1:14  Probe  
  19  1:27  Probe  
  19  1:32  Cybernetics Core  
  20  1:39  Pylon  
  20  1:43  Probe  
  21  1:55  Probe  
  22  2:08  Stalker  
  22  2:09  Stalker  
  22  2:10  Warp Gate  
  22  2:13  Probe  
  26  2:22  Pylon  
  26  2:29  Gateway  
  26  2:40  Gateway  
  26  2:46  Probe  
  27  2:52  Sentry x2  
  31  3:05  Probe  
  32  3:09  Pylon  
  32  3:17  Probe  
  33  3:23  Adept x2  
  33  3:40  Robotics Facility  
  29  3:59  Zealot x3  
  29  4:02  Zealot  
  37  4:16  Stalker x2  
  41  4:20  Zealot  
  41  4:23  Zealot  
  45  4:36  Pylon  
  43  4:53  Nexus  
  43  4:55  Pylon  
  39  5:11  Immortal  
  41  5:31  Stalker  
  41  5:32  Stalker  
  41  5:35  Sentry x2  
  49  5:43  Twilight Council  
  41  6:03  Immortal  
  45  6:15  Stalker  
  47  6:20  Stalker  
  47  6:25  Stalker  
  51  6:29  Probe x2  
  51  6:49  Stalker  
  51  6:50  Stalker  
  47  7:06  Stalker x2  
  45  7:10  Immortal  
  41  7:27  Stalker  
  39  7:30  Stalker  
  39  7:44  Stalker  
  39  7:50  Observer  
  42  7:53  Stalker  
  40  8:11  Observer  
  35  8:25  Stalker x2  
  39  8:32  Probe x2  
  39  8:34  Pylon  
  41  8:35  Pylon  
  41  8:38  Immortal  
  45  8:56  Adept  
  47  9:06  Adept  
  47  9:08  Adept  
  47  9:09  Adept  
  51  9:23  Adept  
  37  9:27  Adept  
  37  9:29  Adept x2  
  31  9:48  Adept  
  31  9:49  Adept x2  
  19  10:14  Stalker  
  19  10:20  Probe  
  22  10:33  Probe  
  17  11:08  Probe  
  10  11:16  Immortal  
  10  11:21  Adept x3  
  10  11:22  Adept  
  18  11:29  Probe  
  23  11:41  Probe  
  23  11:45  Stalker  
  26  11:49  Stalker  
  26  11:53  Probe  
  29  12:05  Probe  
Show
View Real Time Build Order
Export as new Build Order

Sketchaphone Zerg 

Build Orders: Hatch First 

Get SALT Encoding   

  12  0:01  Drone  
  13  0:13  Overlord  
  13  0:18  Drone  
  14  0:21  Extractor  
  14  0:24  Drone  
  15  0:38  Drone x2  
  17  0:52  Extractor  
  16  1:10  Hatchery  
  15  1:13  Spawning Pool  
  14  1:37  Drone  
  14  1:38  Drone  
  16  1:42  Drone  
  17  1:52  Drone  
  18  1:59  Metabolic Boost  
  18  2:02  Drone  
  18  2:05  Queen  
  21  2:15  Zergling x2  
  22  2:23  Overlord  
  22  2:24  Zergling x2  
  23  2:31  Zergling x2  
  23  2:35  Evolution Chamber  
  23  2:37  Zergling x2  
  24  2:47  Zergling x2  
  24  2:49  Zergling x2  
  26  2:54  Zergling x2  
  26  2:57  Overlord  
  27  3:04  Zergling x2  
  28  3:16  Spine Crawler  
  27  3:20  Zergling x4  
  27  3:22  Zerg Melee Weapons Level 1  
  32  3:34  Zergling x10  
  32  3:40  Overlord  
  33  3:45  Zergling x2  
  33  3:57  Zergling x8  
  33  3:59  Zergling x2  
  36  4:03  Zergling x2  
  32  4:13  Drone x2  
  32  4:30  Zergling x2  
  31  4:32  Overlord  
  31  4:33  Drone  
  32  4:40  Drone  
  32  4:58  Zergling x8  
  26  5:14  Lair  
  26  5:15  Zergling x8  
  26  5:19  Zergling x2  
  31  5:22  Drone  
  32  5:33  Zergling x6  
  35  5:38  Drone  
  31  6:05  Zergling x10  
  31  6:08  Zergling x2  
  37  6:17  Spine Crawler  
  25  6:18  Spine Crawler  
  25  6:20  Spine Crawler  
  17  6:49  Drone  
  17  6:54  Spine Crawler  
  17  6:57  Spine Crawler  
  13  7:04  Drone  
  13  7:29  Zergling x2  
  12  7:30  Drone x2  
  14  7:40  Drone  
  10  7:53  Drone  
  11  8:04  Queen  
  11  8:05  Drone  
  14  8:12  Zergling x2  
  15  8:32  Drone  
  15  8:33  Drone  
  17  8:40  Lair  
  16  9:13  Zergling x2  
  16  9:14  Zergling x8  
  16  9:15  Zergling x2  
  22  9:26  Zergling x2  
  23  9:36  Zergling x2  
  24  9:43  Zergling x6  
  27  9:49  Spire  
  26  10:01  Drone x2, Extractor  
  26  10:02  Extractor  
  20  10:26  Drone x4  
  23  10:51  Drone  
  18  11:06  Mutalisk  
  18  11:07  Mutalisk  
  22  11:26  Mutalisk  
  24  11:35  Mutalisk  
  26  12:02  Mutalisk  
  28  12:23  Evolution Chamber  
  25  12:45  Spawning Pool  
  24  12:52  Mutalisk x3  
  30  13:03  Mutalisk  
  30  13:20  Mutalisk  
  32  13:42  Zergling x10  
  32  13:44  Overlord  
  32  13:45  Overlord  
  35  14:14  Zergling x4  
Show
View Real Time Build Order
Export as new Build Order

ChapoSalinas Zerg 

Build Orders: Hatch First 

Get SALT Encoding   

  12  0:01  Drone  
  13  0:13  Overlord  
  13  0:18  Drone  
  14  0:31  Drone x2  
  16  0:43  Drone  
  17  1:02  Hatchery  
  17  1:03  Extractor  
  15  1:13  Spawning Pool  
  14  1:23  Drone x3  
  17  1:40  Drone  
  18  1:47  Drone  
  19  2:00  Queen  
  21  2:02  Zergling x2  
  21  2:04  Metabolic Boost  
  22  2:14  Zergling x4  
  24  2:20  Zergling x2  
  25  2:31  Zergling x2  
  26  2:44  Drone  
  26  2:48  Roach Warren  
  26  2:49  Extractor  
  26  2:50  Overlord  
  24  3:04  Zergling x2  
  24  3:05  Zergling x4  
  27  3:07  Overlord  
  27  3:15  Drone x2  
  27  3:16  Drone  
  29  3:22  Zergling x4  
  32  3:41  Roach x3  
  32  3:42  Roach  
  38  3:50  Roach x2  
  38  3:51  Roach  
  43  4:02  Roach  
  40  4:11  Roach  
  40  4:12  Roach  
  40  4:16  Drone  
  44  4:21  Overlord  
  44  4:33  Hatchery  
  44  4:35  Overlord  
  43  4:43  Roach x2  
  43  4:44  Roach x2  
  51  4:58  Roach x3  
  49  5:11  Roach  
  49  5:24  Drone  
  49  5:25  Drone x2  
  52  5:30  Drone  
  51  5:55  Roach  
  51  5:56  Roach x3  
  57  6:13  Roach  
  54  6:53  Roach x3  
  25  7:38  Drone  
  25  7:39  Drone  
  17  8:46  Hatchery  
  16  8:57  Hatchery  
  15  10:30  Spawning Pool  
  15  10:31  Drone  
  15  11:18  Drone  
  15  11:19  Drone x2  
  15  11:20  Drone x3  
  15  11:23  Queen, Extractor  
  15  11:24  Extractor  
  21  11:28  Baneling Nest  
  21  11:31  Queen  
  22  11:35  Drone  
  23  11:40  Zergling x2  
  23  11:46  Drone  
  25  11:54  Hatchery  
  24  11:55  Drone x2  
  26  12:03  Drone  
  26  12:05  Overlord  
  27  12:09  Lair  
  27  12:13  Zergling x2  
  27  12:14  Zergling x2  
  29  12:20  Spore Crawler  
  28  12:23  Spore Crawler  
  28  12:25  Spore Crawler  
  28  12:26  Spore Crawler  
  25  12:48  Drone x3  
  25  12:49  Drone  
  25  12:50  Drone x2  
  31  12:53  Drone x3  
  35  13:12  Zergling x2  
  35  13:13  Zergling x8  
  39  13:24  Baneling x4  
  39  13:25  Baneling  
  39  13:45  Spore Crawler  
  39  13:48  Spore Crawler  
  37  13:55  Spore Crawler  
  36  13:58  Spore Crawler  
  35  14:04  Zergling x2  
  35  14:05  Zergling x8  
  37  14:25  Zergling x8  
  37  14:26  Zergling x2  
Show
View Real Time Build Order
Export as new Build Order

NotMaru Terran 

Build Orders:  

Get SALT Encoding   

  12  0:01  SCV  
  13  0:13  SCV  
  14  0:18  Supply Depot  
  14  0:26  Refinery  
  14  0:29  SCV  
  15  0:42  Barracks  
  15  0:46  SCV  
  16  0:58  SCV  
  17  1:06  Barracks  
  17  1:19  SCV  
  18  1:29  Barracks Tech Lab  
  18  1:31  Supply Depot  
  18  1:34  Orbital Command  
  18  1:50  Stimpack  
  18  1:55  Barracks Tech Lab  
  19  2:01  SCV  
  19  2:07  Marauder  
  21  2:09  Refinery  
  21  2:14  Marauder  
  23  2:24  Concussive Shells  
  23  2:28  SCV  
  24  2:35  Marauder  
  26  2:40  SCV  
  27  2:45  Barracks  
  27  2:49  Marauder  
  29  2:52  SCV  
  30  3:04  Supply Depot  
  34  3:13  Marauder x2  
  34  3:16  SCV  
  35  3:45  Marauder x2  
  35  3:46  Barracks Reactor  
  39  3:50  Combat Shield  
  39  3:52  Factory  
  31  4:06  Marauder  
  31  4:07  Marauder  
  35  4:14  SCV  
  36  4:26  SCV  
  36  4:28  Marauder  
  31  4:33  Marauder, Marine x2  
  35  4:41  Widow Mine  
  35  4:45  Starport  
  37  5:04  Marine  
  37  5:05  Marine x3  
  41  5:19  Widow Mine  
  43  5:21  Medivac  
  43  5:26  SCV  
  46  5:56  Marine  
  46  5:57  Marine x2  
  47  6:05  Command Center  
  47  6:11  Marine  
  47  6:14  Marine  
  47  6:40  Marine x2  
  47  6:48  Marine x2  
  43  6:58  Marine x2  
  45  7:06  Marine x2  
  46  7:15  Marine  
  47  7:40  Marine x4  
  49  7:58  Marine x3  
  44  8:10  Marine  
  42  8:16  Marine x3  
  44  8:27  Medivac  
  46  8:28  Marine, Factory Tech Lab  
  46  8:34  Marine x2  
  47  8:35  Marine  
  50  8:47  Marauder, Siege Tank  
  55  8:52  Marauder  
  57  9:08  Marauder  
  57  9:09  Marine x2  
  61  9:19  Marauder  
  59  9:27  Marine x2  
  59  9:29  Marine  
  62  9:57  Marine  
  62  9:59  Marine  
  61  10:00  Marine  
  61  10:01  Marine  
  61  10:04  Siege Tank  
  59  10:15  Marine  
  59  10:17  Marine  
  59  10:18  Marine x2  
  60  10:21  Starport Tech Lab  
  60  10:26  Orbital Command  
  60  10:29  Engineering Bay  
  60  10:30  Engineering Bay  
  60  10:32  Marine  
  61  10:51  Orbital Command  
  61  10:56  Widow Mine  
  62  11:03  Marine x3  
  62  11:04  Terran Infantry Armor Level 1, Marine  
  62  11:08  Raven  
  61  11:18  SCV  
  62  11:36  Terran Infantry Weapons Level 1  
  62  11:44  Armory  
  62  11:46  Supply Depot  
  62  11:47  Supply Depot  
  62  12:05  SCV  
  62  12:06  Marine x2  
  62  12:07  Marine x2  
  58  12:33  Marine x3  
  58  12:34  Marine  
  58  12:36  Raven  
  64  12:50  Marine  
  64  12:51  Marine x2  
  67  12:52  Marine  
  68  13:16  Marine x4  
  68  13:17  Siege Tank  
  74  13:21  Armory  
  74  13:34  Marine  
  75  13:59  Marine  
  75  14:00  Marine x2  
Tags
 
Add a new tag
Caveats
  • Supply blocks, unpowered buildings, or Contaminate may cause inaccurate times.
  • Supply counts are checked every 10 seconds.